 Dungeon Crawl Stone Soup version 0.28.0 (webtiles) character file.

Game seed: 6544851660218233764

16627 LustLizard the Cleaver (level 12, -3/159 HPs)
             Began as a Minotaur Berserker on Feb 7, 2022.
             Was an Elder of Trog.
             Slain by a two-headed ogre (9 damage)
             ... on level 1 of the Orcish Mines.
             The game lasted 00:33:11 (17597 turns).

LustLizard the Cleaver (Minotaur Berserker)        Turns: 17597, Time: 00:33:12

Health: -3/159     AC: 17    Str: 25    XL:     12   Next: 11%
Magic:  11/11      EV:  7    Int:  6    God:    Trog [****..]
Gold:   966        SH:  5    Dex: 10    Spells: 11/11 levels left

rFire   . . .      SeeInvis +   i - +4 war axe
rCold   . . .      Faith    .   O - +0 buckler
rNeg    . . .      Spirit   .   Q - +0 plate armour
rPois   .          Reflect  .   M - +2 hat
rElec   .          Harm     .   (no cloak)
rCorr   .          Rampage  .   (no gloves)
Will    .....                   (no boots)
Stlth   ..........              y - amulet of magic regeneration
HPRegen 0.36/turn               T - ring of see invisible
MPRegen 0.52/turn               D - +4 ring of protection

@: berserking, very quick
A: horns 2, retaliatory headbutt
a: Renounce Religion, Berserk, Trog's Hand, Brothers in Arms


You were on level 1 of the Orcish Mines.
You worshipped Trog.
Trog was greatly pleased with you.
You visited 2 branches of the dungeon, and saw 14 of its levels.

You collected 966 gold pieces.

Inventory:

Hand Weapons
 a - a +0 hand axe
 i - a +4 war axe (weapon)
 J - a +2 whip of electrocution
Missiles
 h - 406 stones (quivered)
 q - 3 silver boomerangs
 u - 31 poisoned darts
 w - 5 javelins
 B - a throwing net
 H - 4 atropa-tipped darts
 S - 5 curare-tipped darts
 X - 4 boomerangs
Armour
 b - a +0 animal skin
 e - a +0 chain mail
 M - a +2 hat (worn)
 O - a +0 buckler (worn)
 Q - a +0 plate armour (worn)
Jewellery
 c - a ring of flight
 l - a ring of magical power
 v - a ring of magical power
 y - an amulet of magic regeneration (around neck)
 D - a +4 ring of protection (right hand)
 P - a +6 ring of intelligence
 T - a ring of see invisible (left hand)
Wands
 k - a wand of iceblast (10)
 I - a wand of digging (3)
Scrolls
 d - 3 scrolls of teleportation
 g - a scroll of immolation {unknown}
 j - 2 scrolls of magic mapping
 m - 2 scrolls of fear
 n - a scroll of enchant armour {unknown}
 p - a scroll of acquirement {unknown}
 s - a scroll of blinking {unknown}
 x - a scroll of enchant weapon
 E - 2 scrolls of vulnerability
 F - a scroll of noise {unknown}
 R - a scroll of brand weapon {unknown}
 V - a scroll of silence {unknown}
 W - a scroll of fog
Potions
 f - 2 potions of mutation
 o - a potion of heal wounds
 r - a potion of berserk rage
 t - 4 potions of attraction
 z - 2 potions of curing
 A - a potion of flight {unknown}
 C - 2 potions of haste
 G - a potion of ambrosia {unknown}
 K - 2 potions of cancellation {unknown}
 L - 2 potions of might {unknown}
 N - a potion of magic {unknown}
Miscellaneous
 U - a box of beasts


   Skills:
 + Level 9.8 Fighting
 * Level 13.2 Axes
 * Level 10.3 Throwing
 - Level 2.4 Armour
 - Level 2.1 Dodging
 * Level 6.9 Shields
 * Level 8.7 Evocations


You had 11 spell levels left.
You didn't know any spells.
Your spell library was empty.

Dungeon Overview and Level Annotations

Branches:
Dungeon (12/15)            Temple (0/1) D:7            Lair (0/6) D:8
    Orc (2/2) D:12            Elf (0/3) Orc:2

Altars:
Ashenzari
Dithmenos
Elyvilon
Kikubaaqudgha
Makhleb
Nemelex Xobeh
Okawaru
Qazlal
Ru
Uskayaw
Yredelemnul
Beogh

Shops:
D:5 *===   Orc:2 *:


Innate Abilities, Weirdness & Mutations

You have a pair of horns on your head.
You reflexively headbutt those who attack you in melee.


Message History

You climb downwards.
You block the ogre's attack. x2
The ogre hits you with a +0 giant spiked club!
The deep troll bites you but does no damage.
The deep troll claws you.
The deep troll claws you but does no damage.
The ogre barely misses you. The deep troll bites you!
The deep troll claws you but does no damage. x2
The two-headed ogre hits you with a +0 giant club!
The two-headed ogre barely misses you.
There is a stone staircase leading up here.
You block the deep troll's attack.
The deep troll claws you but does no damage.
The deep troll claws you.
You climb upwards.
There is a stone staircase leading down here.
A red film seems to cover your vision as you go berserk!
You feel yourself moving faster!
You feel mighty! The ogre hits you with a +0 giant club!
The two-headed ogre barely misses you.
The two-headed ogre hits you with a +0 giant club!! x2
* * * LOW HITPOINT WARNING * * *
The two-headed ogre hits you but does no damage.
The deep troll bites you!
* * * LOW HITPOINT WARNING * * *
The deep troll claws you!
* * * LOW HITPOINT WARNING * * *
The deep troll claws you.
* * * LOW HITPOINT WARNING * * *
You slice the two-headed ogre!!
Your headbutt misses the two-headed ogre.
The two-headed ogre is heavily wounded.
You slice the two-headed ogre!! You hit the deep troll.
You slice the two-headed ogre!! You slash the ogre!
The two-headed ogre hits you with a +0 giant spiked club!
* * * LOW HITPOINT WARNING * * *
The two-headed ogre hits you but does no damage.
The ogre hits you with a +0 giant club.
* * * LOW HITPOINT WARNING * * *
You block the two-headed ogre's attack.
The two-headed ogre hits you with a +0 giant club!
You die...

........#.....#..8#...........#8.
..................')..........#).
#..........)))....')..........'..
..........[[.)[...))..........#).
...........)[[)).8#...........#8.
....>.#..#.......##.#.#.#.#.#.###
..............[.[##...........#
...............OOO#############
................@...#..#.#..#
...............TO.........###
.......#..................##
.......##..................#
....#...#..............#...##
.........^.>..........##....#
......#..............####..##
..##.###..##.#..#..### ####
###### #############


You could see 3 two-headed ogres, a deep troll and an ogre.

Vanquished Creatures
  Gastronok (D:9)
  3 two-headed ogres
  An orc high priest (Orc:1)
  Sonja (D:10)
  The ghost of hawla the Cruncher, a novice DrCj of Vehumet (D:8)
  Pikel (D:6)
  A manticore (D:11)
  2 cyclopes
  3 unseen horrors (D:12)
  3 kobold demonologists
  A freezing wraith (D:11)
  2 trolls
  A hornet (D:8)
  Sigmund (D:3)
  2 shadows
  2 wyverns
  4 wraiths
  A vampire (D:10)
  A steam dragon (D:7)
  4 vampire mosquitoes (D:12)
  A warg (Orc:1)
  An acid dragon (D:11)
  A water moccasin (D:6)
  2 ice beasts
  2 sky beasts
  10 orc warriors
  3 ogres
  A necrophage (D:8)
  4 centaurs
  A phantom (D:6)
  3 kobold brigands
  3 bullfrogs
  Blork the orc (D:5)
  A wyvern zombie (D:7)
  A gnoll sergeant (D:5)
  4 scorpions
  A water moccasin zombie (D:4)
  A wyvern skeleton (D:7)
  6 spriggan skeletons (D:9)
  A troll skeleton (D:9)
  8 killer bees (D:9)
  3 wights (D:8)
  6 howler monkeys
  3 bullfrog zombies
  9 centaur zombies
  5 hounds
  9 orc priests
  A gnoll shaman (D:5)
  10 orc wizards
  Ijyb (D:3)
  2 iguanas
  3 scorpion zombies (D:4)
  A hound skeleton (D:4)
  A hound zombie (D:5)
  2 howler monkey zombies
  6 gnolls (D:5)
  6 adders
  A shadow imp (D:6)
  3 dart slugs
  42 orcs
  6 ball pythons
  3 bats
  9 endoplasms
  9 giant cockroaches
  9 hobgoblins
  6 jackals
  5 quokkas
  7 frilled lizards
  9 goblins
  19 kobolds
  6 rats
294 creatures vanquished.

Vanquished Creatures (others)
  An orc priest (Orc:1)
  2 withered plants (D:10)
3 creatures vanquished.

Grand Total: 297 creatures vanquished

Notes
Turn   | Place    | Note
-------+----------+-------------------------------------------
     0 | D:1      | LustLizard the Minotaur Berserker began the quest for the
                  | Orb.
     0 | D:1      | Reached XP level 1. HP: 19/19 MP: 0/0
   178 | D:1      | You fall into a shaft and drop 1 floor!
   190 | D:2      | Reached skill level 4 in Axes
   203 | D:2      | Reached XP level 2. HP: 8/27 MP: 1/1
   876 | D:1      | Reached XP level 3. HP: 33/33 MP: 2/2
   894 | D:1      | Reached ** piety under Trog
  1252 | D:1      | Reached skill level 5 in Axes
  1530 | D:2      | Found a faded altar of an unknown god.
  1850 | D:2      | Reached XP level 4. HP: 41/41 MP: 3/3
  1875 | D:2      | Found a sparkling altar of Nemelex Xobeh.
  2006 | D:3      | Noticed Ijyb
  2022 | D:3      | Killed Ijyb
  2023 | D:3      | Reached skill level 1 in Throwing
  2327 | D:3      | Noticed Sigmund
  2336 | D:3      | Killed Sigmund
  2337 | D:3      | Reached skill level 5 in Fighting
  2337 | D:3      | Reached skill level 6 in Axes
  2337 | D:3      | Reached XP level 5. HP: 48/48 MP: 4/4
  2337 | D:3      | Reached XP level 6. HP: 56/56 MP: 5/5
  2939 | D:4      | Reached skill level 7 in Axes
  3114 | D:4      | Found a broken altar of Ashenzari.
  3137 | D:4      | Reached XP level 7. HP: 19/61 MP: 6/6
  3430 | D:4      | HP: 3/61 [centaur (7)]
  3433 | D:4      | Reached skill level 1 in Evocations
  4032 | D:4      | Found a basalt altar of Yredelemnul.
  4509 | D:5      | Entered Level 5 of the Dungeon
  4594 | D:5      | Reached *** piety under Trog
  4793 | D:5      | Found Lecihyc's Jewellery Shop.
  4795 | D:5      | Found Seaf's Assorted Antiques.
  4795 | D:5      | Found Nyas's Jewellery Boutique.
  4797 | D:5      | Found Weureud's Jewellery Emporium.
  4822 | D:5      | Reached XP level 8. HP: 70/70 MP: 7/7
  4873 | D:5      | Reached skill level 8 in Axes
  5344 | D:5      | Reached skill level 5 in Throwing
  5492 | D:5      | Noticed Blork the orc
  5508 | D:5      | Killed Blork the orc
  6049 | D:5      | Found a shadowy altar of Dithmenos.
  6395 | D:6      | Noticed a two-headed ogre
  6738 | D:6      | Killed a two-headed ogre
  6739 | D:6      | Reached skill level 9 in Axes
  6739 | D:6      | Reached XP level 9. HP: 79/79 MP: 8/8
  6871 | D:6      | Noticed Pikel
  6884 | D:6      | Killed Pikel
  6885 | D:6      | Reached skill level 5 in Evocations
  7207 | D:6      | Reached skill level 10 in Axes
  8170 | D:7      | Found a staircase to the Ecumenical Temple.
  8358 | D:7      | Found a sparkling altar of Nemelex Xobeh.
  8402 | D:7      | Found an iron altar of Okawaru.
  8467 | D:7      | Found a burning altar of Makhleb.
  8554 | D:8      | Found a sacrificial altar of Ru.
  8655 | D:8      | Reached XP level 10. HP: 88/88 MP: 9/9
  8673 | D:8      | Found a white marble altar of Elyvilon.
  8739 | D:8      | Reached **** piety under Trog
  8953 | D:8      | Paralysed by a hornet for 3 turns
  9541 | D:8      | Found a staircase to the Lair.
  9684 | D:8      | Found a runed translucent gate.
  9684 | D:8      | Found a runed translucent gate.
  9684 | D:8      | Found a runed translucent gate.
  9685 | D:8      | Noticed hawla's ghost (novice DrCj)
  9698 | D:8      | Reached skill level 11 in Axes
  9698 | D:8      | Killed hawla's ghost
 10220 | D:9      | Reached skill level 1 in Shields
 10405 | D:9      | Noticed Gastronok
 10655 | D:9      | Killed Gastronok
 11118 | D:9      | Reached XP level 11. HP: 93/95 MP: 10/10
 11351 | D:9      | Found a stormy altar of Qazlal.
 11897 | D:10     | Entered Level 10 of the Dungeon
 12121 | D:10     | Noticed Sonja
 12166 | D:10     | Killed Sonja
 12167 | D:10     | Reached skill level 12 in Axes
 12504 | D:10     | Found an ancient bone altar of Kikubaaqudgha.
 13239 | D:11     | Noticed a +0 dagger
 13239 | D:11     | Noticed a +0 dagger
 13243 | D:11     | Found a hide-covered altar of Uskayaw.
 14433 | D:11     | Noticed a soul eater
 14482 | D:11     | Noticed a soul eater
 14747 | D:11     | Reached skill level 5 in Shields
 14932 | D:11     | Identified the +1 robe of the Untouchables {Contam Str+5
                  | Stlth+}
 15263 | D:12     | Noticed a five-headed hydra
 15413 | D:12     | Noticed a two-headed ogre
 15422 | D:12     | Killed a two-headed ogre
 15520 | D:12     | Noticed a two-headed ogre
 15528 | D:12     | Killed a two-headed ogre
 15529 | D:12     | Reached skill level 10 in Throwing
 15573 | D:12     | Found a staircase to the Orcish Mines.
 15654 | D:12     | Noticed a six-headed hydra
 15776 | D:12     | Reached skill level 13 in Axes
 16665 | Orc:1    | Entered Level 1 of the Orcish Mines
 16817 | Orc:1    | You fall into a shaft and drop 1 floor!
 16817 | Orc:2    | Entered Level 2 of the Orcish Mines
 16817 | Orc:2    | Noticed a two-headed ogre
 16817 | Orc:2    | Noticed a two-headed ogre
 16817 | Orc:2    | Noticed a deep troll
 16817 | Orc:2    | Noticed a two-headed ogre
 16817 | Orc:2    | Noticed a two-headed ogre
 16817 | Orc:2    | Found Gouvai's Assorted Antiques.
 16817 | Orc:2    | Found Dorekkux's Book Boutique.
 16818 | Orc:2    | Noticed a two-headed ogre
 16828 | Orc:1    | Noticed an orc high priest
 16836 | Orc:1    | Noticed a soul eater
 16840 | Orc:1    | Killed an orc high priest
 16841 | Orc:1    | Reached XP level 12. HP: 86/106 MP: 11/11
 17597 | Orc:1    | HP: 6/159 [ogre (6)]
 17597 | Orc:1    | Slain by a two-headed ogre

Illustrated notes

Levels and vault maps discovered:
D:1:      dpeg_arrival_fog, layout_loops_ring
D:2:      layout_rooms, basic_altar, shapermc_ecumenical_altar_mp_highgroup
D:3:      layout_basic, chequers_serial_rivers_micro_c, minivault_27,
          minmay_fractal_squares_diagonal_5, uniq_ijyb, uniq_sigmund
D:4:      layout_loops_ring, mainiacjoe_overflow_cross_hatched,
          nicolae_yredelemnul_corpse_copse, minmay_misc_feat_tiny
D:5:      layout_basic, nicolae_dithmenos_through_a_glass_darkly,
          nicolae_wooded_promenade, uniq_blork_the_orc
D:6:      layout_loops_ring, kennysheep_generic_room_9, uniq_pikel
D:7:      layout_loops_ring, lemuel_coloured_pillars_altar,
          nemelex_dance_club_becter, general_overflow_altar,
          minmay_temple_entry_nine_rooms
D:8:      layout_basic, nicolae_ru_great_annihilating_truth, elyvilon_altar_1,
          dpeg_oklobed_lair, gammafunk_ghost_spectres, lemuel_another_geyser
D:9:      layout_layer_cave, old_standard_altar, hangedman_tell_no_tales,
          uniq_gastronok
D:10:     layout_basic, kiku_gazebo_garden_becter,
          nicolae_elevator_lobby_asterisk, uniq_sonja
D:11:     layout_stronghold, dancing_weapons_uskayaw
D:12:     layout_long_grid, orc_0_dummy, serial_glass, glass_columns_a,
          glass_columns_b, hangedman_abyss_or_decor_jellyfish_corner
Orc:1:    layout_caves, basic_altar, minmay_orc_temple_b
Orc:2:    st_orc_open, layout_caves

Skill      XL: |  1  2  3  4  5  6  7  8  9 10 11 |
---------------+----------------------------------+-----
Axes           | 4 5 6 7 9 10 11 13 | 13.2
Fighting       | 4 5 6 7 8 9 |  9.8
Throwing       | 2 3 4 6 7 8 10 | 10.3
Evocations     | 2 4 5 7 8 |  8.7
Shields        | 3 6 |  6.9
Armour         | |  2.4
Dodging        | |  2.1

Action                   |  1- 3 |  4- 6 |  7- 9 | 10-12 || total
-------------------------+-------+-------+-------+-------++-------
Melee: Hand axe          |   110 |    99 |   230 |       ||   439
       Headbutt          |    11 |    12 |    70 |    56 ||   149
       Punch             |       |     2 |     5 |       ||     7
       Whip              |       |       |    97 |    28 ||   125
       War axe           |       |       |       |   337 ||   337
Throw: Stone             |     3 |     5 |    86 |   153 ||   247
       Dart              |       |     2 |    15 |     7 ||    24
       Throwing net      |       |       |     1 |       ||     1
       Javelin           |       |       |       |     2 ||     2
Invok: Trog's Hand       |       |     2 |     1 |     3 ||     6
       Berserk           |       |       |     3 |    12 ||    15
  Use: Potion            |       |       |     1 |     5 ||     6
       Scroll            |       |       |     4 |     8 ||    12
 Stab: Held in net/web   |       |       |     2 |       ||     2
       Invisible         |       |       |     1 |     9 ||    10
       Paralysed         |       |       |     1 |       ||     1
       Distracted        |       |       |       |     1 ||     1
Armor: Animal skin       |    10 |       |       |       ||    10
       Chain mail        |    15 |    41 |   160 |    71 ||   287
       Plate armour      |       |       |       |   237 ||   237
Dodge: Dodged            |    61 |    37 |    91 |   148 ||   337
Block: Buckler           |       |       |       |    84 ||    84
